 Dungeon Crawl Stone Soup version 0.19.0 (webtiles) character file.

100 PrincessPwny the Ruffian (level 4, -3/44 HPs)
             Began as a Troll Berserker on Nov 7, 2016.
             Was a Believer of Trog.
             Slain by a gnoll
             ... wielding a cursed +0 halberd
              (11 damage)
             ... on level 3 of the Dungeon.
             The game lasted 00:08:19 (1925 turns).

PrincessPwny the Ruffian (Troll Berserker)          Turns: 1925, Time: 00:08:19

Health: -3/44      AC:  5    Str: 26    XL:     4   Next: 47%
Magic:  3/3        EV: 11    Int:  3    God:    Trog [**....]
Gold:   134        SH:  0    Dex:  9    Spells: 0 memorised, 3 levels left

rFire  . . .     SeeInvis +       - Unarmed
rCold  . . .     Gourm    +     a - +0 animal skin
rNeg   . . .     Faith    .     (no shield)
rPois  .         Spirit   .     (helmet restricted)
rElec  .         Reflect  .     (no cloak)
rCorr  .         Harm     .     (gloves unavailable)
MR     .....                    (boots unavailable)
Stlth  +.........               (no amulet)
                                c - ring of see invisible
                                f - +1 ring of evasion

@: no status effects
A: unfitting armour, claws 3, fast metabolism 3, gourmand, regeneration 1,
shaggy fur 1, tough skin 2
a: Berserk, Trog's Hand, Burn Spellbooks, Renounce Religion


You were on level 3 of the Dungeon.
You worshipped Trog.
Trog was pleased with you.
You were very full.

You visited 1 branch of the dungeon, and saw 3 of its levels.

You collected 134 gold pieces.

Inventory:

Armour
 a - a +0 animal skin (worn)
Jewellery
 c - a ring of see invisible (right claw)
 f - a +1 ring of evasion (left claw)
 g - an uncursed amulet of the gourmand
Scrolls
 j - a scroll of enchant weapon
 o - 2 scrolls of magic mapping
Potions
 d - a potion of agility {unknown}
 e - 3 potions of curing
 k - 2 potions of lignification {unknown}
 l - a potion of haste {unknown}
 n - a potion of ambrosia {unknown}
Comestibles
 b - 2 bread rations
 h - 3 meat rations
 q - 2 chunks of flesh


   Skills:
 - Level 2.4 Fighting
 - Level 2.4 Dodging
 + Level 5.3 Unarmed Combat


You had 3 spell levels left.
You didn't know any spells.

Dungeon Overview and Level Annotations

Branches:
Dungeon (3/15)

Altars:
Nemelex Xobeh
The Shining One


Innate Abilities, Weirdness & Mutations

You are too large for most types of armour.
You have claws for hands.
Your metabolism is lightning-fast.
You like to eat raw meat.
Your natural rate of healing is unusually fast.
You are covered in fur. (AC +1)
You have very tough skin. (AC +2)


Message History

You kill the hobgoblin!
Trog accepts your kill. The gnoll completely misses you. The gnoll misses you.
The gnoll hits you with a spear.
* * * LOW HITPOINT WARNING * * *
Things that are here:
a club; a flail You are too injured to fight recklessly!
You are too injured to fight recklessly!
You are too injured to fight recklessly!
You are too injured to fight recklessly!
You are too injured to fight recklessly!
You claw the gnoll!
The gnoll is almost dead.
The gnoll closely misses you. The gnoll hits you with a spear.
* * * LOW HITPOINT WARNING * * *
You closely miss the gnoll.
The gnoll is almost dead.
The gnoll hits you with a halberd!
You die...

#....#............#
###.##............#
#.##............#
#.##........#####
#.##........#
#.##........#
#.###.#.##### #.#
#.#... #.###@######
#...g.g....#
#.......##...
#.......#
#.........
##.....#### #.....#
#######


You could see 2 gnolls.

Vanquished Creatures
  2 gnolls (D:3)
  2 adders
  A worm (D:2)
  2 dart slugs
  A leopard gecko (D:1)
  A giant cockroach (D:3)
  16 goblins
  8 hobgoblins
  5 bats
  4 frilled lizards
  A kobold (D:1)
  9 rats
52 creatures vanquished.

Notes
Turn   | Place    | Note
-------+----------+-------------------------------------------
     0 | D:1      | PrincessPwny the Troll Berserker began the quest for the Orb.
     0 | D:1      | Reached XP level 1. HP: 22/22 MP: 0/0
   396 | D:1      | Reached XP level 2. HP: 29/29 MP: 1/1
   856 | D:1      | Reached skill level 4 in Unarmed Combat
   858 | D:1      | Reached ** piety under Trog
  1223 | D:2      | Reached XP level 3. HP: 36/36 MP: 2/2
  1439 | D:2      | Found a glowing golden altar of the Shining One.
  1821 | D:3      | Found a sparkling altar of Nemelex Xobeh.
  1823 | D:3      | Reached skill level 5 in Unarmed Combat
  1823 | D:3      | Reached XP level 4. HP: 44/44 MP: 3/3
  1925 | D:3      | Slain by a gnoll

Skill      XL: |  1  2  3 |
---------------+----------+-----
Unarmed Combat | 4 5 |  5.3
Fighting       | |  2.4
Dodging        | |  2.4

Action                   |  1- 3 |  4- 6 || total
-------------------------+-------+-------++-------
Melee: Unarmed           |   120 |    30 ||   150
Invok: Berserk           |     1 |       ||     1
  Use: Scroll            |     4 |       ||     4
  Eat: Chunk             |    23 |       ||    23
Armor: Animal skin       |    43 |    13 ||    56
Dodge: Dodged            |    64 |    31 ||    95
